Description

(Phoenix, Adept, Inmortal)

Build Order

Get SALT Encoding   

  12  0:00  Probe (Chrono Boost)  
  13  0:11  Probe (Chrono Boost)  
  14  0:18  Pylon  
  14  0:21  Probe (Chrono Boost)  
  15  0:36  Probe (Chrono Boost)  
  15  0:37  Gateway  
  16  0:47  Probe (Chrono Boost)  
  16  0:48  Assimilator  
  17  0:54  Assimilator  
  17  0:57  Probe (Chrono Boost)  
  18  1:08  Probe (Chrono Boost)  
  18  1:09  Gateway  
  19  1:18  Probe (Chrono Boost)  
  19  1:24  Cybernetics Core  
  20  1:29  Probe (Chrono Boost)  
  21  1:35  Pylon  
  21  1:39  Probe (Chrono Boost)  
  22  1:45  Warp Gate  
  22  1:50  Probe (Chrono Boost)  
  23  2:02  Probe (Chrono Boost), Adept  
  23  2:03  Adept  
  29  2:16  Mothership Core (Chrono Boost)  
  29  2:18  Pylon  
  29  2:32  Stalker  
  29  2:36  Stalker  
  33  2:59  Nexus  
  33  3:04  Probe (Chrono Boost)  
  34  3:08  Sentry  
  35  3:16  Probe (Chrono Boost)  
  35  3:28  Probe (Chrono Boost)  
  35  3:33  Robotics Facility  
  35  3:39  Probe (Chrono Boost)  
  36  3:48  Pylon  
  36  3:50  Probe (Chrono Boost)  
  37  3:57  Sentry  
  39  4:03  Twilight Council  
  39  4:06  Probe (Chrono Boost)  
  38  4:12  Stalker  
  41  4:17  Probe (Chrono Boost)  
  41  4:18  Probe (Chrono Boost)  
  41  4:20  Observer  
  43  4:27  Probe (Chrono Boost)  
  43  4:29  Probe (Chrono Boost)  
  45  4:32  Pylon  
  45  4:42  Stalker  
  45  4:44  Stalker  
  47  5:00  Probe (Chrono Boost), Resonating Glaives  
  47  5:01  Probe (Chrono Boost)  
  49  5:11  Probe (Chrono Boost)  
  49  5:14  Probe (Chrono Boost), Stalker  
  53  5:15  Stalker  
  53  5:18  Immortal  
  59  5:21  Probe (Chrono Boost)  
  59  5:26  Probe (Chrono Boost)  
  58  5:33  Probe (Chrono Boost)  
  59  5:38  Pylon, Probe (Chrono Boost)  
  59  5:39  Adept  
  62  5:45  Probe (Chrono Boost)  
  64  5:50  Probe (Chrono Boost)  
  64  5:54  Gateway x2  
  64  5:55  Immortal  
  65  5:57  Probe (Chrono Boost)  
  65  6:03  Assimilator  
  70  6:08  Gateway  
  69  6:11  Gateway  
  67  6:23  Gateway  
  67  6:24  Gateway  
  67  6:26  Probe x2 (Chrono Boost)  
  67  6:33  Immortal  
  67  6:34  Adept x2  
  75  6:43  Pylon  
  77  6:47  Probe x2 (Chrono Boost)  
  77  6:54  Templar Archives  
  77  6:58  Assimilator  
  77  6:59  Probe (Chrono Boost)  
  77  7:01  Pylon  
  79  7:02  Adept  
  80  7:09  Pylon  
  80  7:14  Warp Prism  
  81  7:26  Probe x2 (Chrono Boost)  
  81  7:27  Adept  
  81  7:28  Adept  
  87  7:35  High Templar x2  
  91  7:40  Archon, Adept x2  
  91  7:42  Adept  
  97  7:46  Pylon  
  95  8:01  Adept x3  
  101  8:06  Pylon  
  101  8:09  Pylon  
  101  8:21  Nexus  
  101  8:26  Observer, Adept x5  
  101  8:27  Adept  
  81  10:16  Nexus  
  81  10:17  Pylon  
  81  10:20  Pylon  
  81  10:21  Pylon  
  80  11:13  Pylon  
  78  11:51  Gateway  
  78  11:52  Pylon  
  78  11:58  Pylon  
  74  12:43  Pylon  
  74  12:45  Pylon  
  74  12:46  Pylon  
  74  12:48  Pylon  
  74  12:50  Pylon  
  74  12:51  Pylon  
  73  13:02  Cybernetics Core  
  73  13:03  Probe (Chrono Boost)  
  74  13:13  Probe (Chrono Boost)  
  75  13:20  Assimilator  
  75  13:24  Probe (Chrono Boost), Assimilator  
  76  13:34  Probe (Chrono Boost)  
  77  13:41  Pylon  
  77  13:45  Probe (Chrono Boost)  
  79  13:55  Probe (Chrono Boost)  
  79  13:59  Stargate  
  79  14:00  Stargate  
  79  14:01  Protoss Air Weapons Level 1  
  79  14:10  Mothership Core (Chrono Boost)  
  81  14:29  Probe (Chrono Boost)  
  82  14:37  Adept  
  84  14:39  Probe (Chrono Boost)  
  85  14:46  Phoenix  
  85  14:47  Phoenix  
  89  14:56  Probe (Chrono Boost)  
  90  15:09  Phoenix  
  90  15:13  Probe (Chrono Boost)  
  93  15:26  Phoenix  
  95  15:42  Phoenix  
  97  16:01  Nexus  
  97  16:08  Phoenix  
  99  16:30  Probe (Chrono Boost)  
  100  16:42  Gateway  
  100  16:45  Gateway  
  100  16:46  Gateway  
  100  16:53  Probe (Chrono Boost)  
  101  17:05  Probe (Chrono Boost)  
  103  17:17  Probe (Chrono Boost)  
  103  17:18  Probe (Chrono Boost)  
  104  17:25  Adept  
  104  17:28  Probe (Chrono Boost), Gateway  
  104  17:29  Probe (Chrono Boost)  
  108  17:39  Probe (Chrono Boost)  
  108  17:41  Adept x2  
  113  17:46  Probe (Chrono Boost)  
  113  17:50  Adept  
  117  17:51  Probe (Chrono Boost)  
  117  17:54  Pylon  
  118  17:58  Probe (Chrono Boost)  
  118  18:01  Gateway  
  118  18:04  Probe (Chrono Boost)  
  119  18:18  Adept x4  
  129  18:20  Probe (Chrono Boost)  
  129  18:21  Probe (Chrono Boost)  
  129  18:24  Pylon  
  129  18:30  Probe (Chrono Boost)  
  124  18:39  Adept x2  
  124  18:40  Adept x2  
  118  18:46  Adept  
  68  19:03  Adept x4  
  68  19:06  Probe (Chrono Boost)  
  68  19:08  Probe (Chrono Boost)  
  67  19:18  Pylon  
  67  19:23  Adept x3  
  63  19:24  Adept x2  
  63  19:38  Adept  
  63  19:48  Adept x2  
  63  19:49  Adept x3  
  72  19:55  Probe (Chrono Boost)  
  73  20:09  Adept x2  
  73  20:10  Adept x4  
  85  20:19  Twilight Council  
  85  20:25  Mothership Core (Chrono Boost)  
  75  20:40  Adept x2  
  75  20:41  Adept x4  
  72  21:00  Robotics Facility  
  72  21:02  Assimilator  
  72  21:03  Assimilator  
  67  21:04  Probe (Chrono Boost)  
  67  21:06  Probe (Chrono Boost)  
  65  21:14  Adept x2  
  65  21:15  Adept x2  
  49  21:35  Adept x3  
  49  21:36  Adept x2  
  59  21:45  Adept  
  59  22:05  Adept  
  59  22:06  Adept x2  
  65  22:16  Adept x2  
  65  22:18  Adept  
  61  22:45  Adept  
  61  22:46  Adept x4  
  71  22:59  Probe (Chrono Boost)  
  71  23:00  Probe (Chrono Boost)  
  71  23:19  Adept x3  
  77  23:20  Adept x3  
  83  23:27  Pylon  
  83  23:28  Probe (Chrono Boost)  
  83  23:29  Probe (Chrono Boost)  
  83  23:47  Adept x2, Sentry x2  
  91  23:51  Robotics Facility  
  91  23:54  Adept x2  
  95  24:01  Assimilator  
  93  24:14  Probe (Chrono Boost)  
  93  24:16  Probe (Chrono Boost)  
  95  24:23  Robotics Facility  
  83  24:37  Observer  
  81  24:54  Immortal  
  64  26:48  Nexus  
  64  27:07  Templar Archives  
  64  27:34  Pylon  
  64  27:46  High Templar x2  
  68  27:52  Archon  
  68  28:14  Assimilator  
  68  28:15  Assimilator  
  66  28:24  Immortal  
  68  28:34  Immortal  
  72  28:44  Adept  
  74  28:58  Immortal  
  74  29:06  Adept  
  80  29:10  Adept  
  82  29:24  Immortal  
  84  29:42  Immortal  
  84  30:08  Adept x4  
  84  30:12  Adept  
  90  30:34  Adept  
  90  30:35  Adept x2  
  96  30:36  Adept  
  98  30:44  Pylon  
  98  30:51  Adept  
  98  30:52  Adept  
  100  31:32  Observer  
  100  31:37  Nexus  
  101  31:41  Pylon  
  101  31:43  Adept x2  
  101  32:05  Adept x3  
  103  32:25  Robotics Bay  
  100  33:36  Adept  
  102  33:43  Pylon  
  102  33:44  Pylon  
  102  33:46  Pylon  
  102  33:48  Pylon  
  102  33:49  Pylon  
  102  33:53  Dark Shrine  
  102  34:11  Dark Shrine  
  102  34:20  Assimilator  
  102  34:21  Assimilator  
  102  34:24  Pylon  
  102  34:26  Pylon  
  102  34:29  Pylon  
  102  34:31  Pylon  
Spawning Tool Build Advisor. Get it on Overwolf

Analysis

(Phoenix, Adept, Inmortal)

Go to:

Details

  • Created by: DarkHeartz
  • Published on: Nov 08, 2016
  • Modified on: Nov 08, 2016
  • Patch: Pre-3.8.0
Show
View Real Time Build Order
Export as new Build Order

Comments (0)

There are no comments. Be the first!

Create an account to comment!